 Dungeon Crawl Stone Soup version 0.29-a0-830-gcb1280458a (webtiles) character file.

Game seed: 4022256771673195731

6 jimonade the Vexing (level 1, 0/11 HPs)
             Began as a Deep Elf Arcane Marksman on July 12, 2022.
             Slain by a kobold
             ... wielding a +0 short sword
              (5 damage)
             ... on level 1 of the Dungeon.
             The game lasted 00:01:14 (593 turns).

jimonade the Vexing (Deep Elf Arcane Marksman)       Turns: 593, Time: 00:01:15

Health: 0/11       AC:  2    Str:  7    XL:     1   Next: 75%
Magic:  0/5        EV: 12    Int: 17    God:
Gold:   52         SH:  0    Dex: 15    Spells: 2/3 levels left

rFire   . . .      SeeInvis .   a - +0 sling
rCold   . . .      Faith    .   (no shield)
rNeg    . . .      Spirit   .   c - +0 robe
rPois   .          Reflect  .   (no helmet)
rElec   .          Harm     .   (no cloak)
rCorr   .          Rampage  .   (no gloves)
Will    .....                   (no boots)
Stlth   +.........              (no amulet)
HPRegen 0.03/turn               (no ring)
MPRegen 0.09/turn               (no ring)

@: no status effects
A: no striking features
a: no special abilities


You were on level 1 of the Dungeon.
You visited 1 branch of the dungeon, and saw 1 of its levels.

You collected 52 gold pieces.

Inventory:

Hand Weapons
 a - a +0 sling (weapon)
 e - a +0 short sword
 g - a +0 short sword
 h - a +0 spear
Missiles
 f - 15 stones
Armour
 c - a +0 robe (worn)
Scrolls
 b - a scroll of vulnerability
 d - 2 scrolls of fear {unknown}


   Skills:
 * Level 0.8 Fighting
 + Level 3.1 Ranged Weapons
 + Level 2.4 Dodging
 * Level 1.5 Spellcasting
 + Level 4.2 Hexes


You had 2 spell levels left.
You knew the following spells:

 Your Spells              Type           Power      Damage    Failure   Level
a - Slow                  Hex            60%        N/A       3%          1

Your spell library contained the following spells:

 Spells                   Type           Power      Damage    Failure   Level
 Inner Flame              Hex/Fire       8%         N/A       26%         3
 Portal Projectile        Hex/Tloc       16%        N/A       26%         3
 Cause Fear               Hex            7%         N/A       34%         4


Dungeon Overview and Level Annotations

Branches:
Dungeon (1/15)

Altars:


Message History

Casting: Slow (safe; 3% risk of failure)
Confirm with . or Enter, or press ? or * to list all spells.
Aiming: Slow (safe; 3% risk of failure)
Press: ? - help, Shift-Dir - straight line, f - ball python
Aim: a ball python (asleep, chance to affect: 71%)
The ball python hisses angrily.
The ball python seems to slow down.
Casting: Slow (safe; 3% risk of failure)
Confirm with . or Enter, or press ? or * to list all spells.
Aiming: Slow (safe; 3% risk of failure)
Press: ? - help, Shift-Dir - straight line, f - kobold, p - ball python
Aim: a kobold, wielding a +0 short sword and quivering stones (wandering, hasn't noticed you, chance to affect: 71%)
The ball python seems to slow down.
The kobold shouts!
You shoot a sling bullet.
The sling bullet closely misses the ball python.
The ball python bites you. The ball python barely misses you.
You shoot a sling bullet. The sling bullet hits the ball python!
You kill the ball python!
Casting: Slow (safe; 3% risk of failure)
Confirm with . or Enter, or press ? or * to list all spells.
Aiming: Slow (safe; 3% risk of failure)
Press: ? - help, Shift-Dir - straight line, f - kobold
Aim: a kobold, wielding a +0 short sword and quivering stones (chance to affect: 71%)
The kobold struggles to resist.
The kobold closely misses you.
Casting: Slow (safe; 3% risk of failure)
Confirm with . or Enter, or press ? or * to list all spells.
Aiming: Slow (safe; 3% risk of failure)
Press: ? - help, Shift-Dir - straight line, f/p - kobold
Aim: a kobold, wielding a +0 short sword and quivering stones (chance to affect: 71%)
The kobold struggles to resist.
The kobold hits you with a +0 short sword.
Casting: Slow (safe; 3% risk of failure)
Confirm with . or Enter, or press ? or * to list all spells.
Aiming: Slow (safe; 3% risk of failure)
Press: ? - help, Shift-Dir - straight line, f/p - kobold
Aim: a kobold, wielding a +0 short sword and quivering stones (chance to affect: 71%)
The kobold struggles to resist.
The kobold hits you with a +0 short sword.
You die...

.# #.###.# .###.# #.#
#..# ..##.# #.# ....
#....# #.# .....
..#### #.# ...#
.#######.#### .....
............######..#
########.........K..#
###......@...#
#...######..!.. #####
###


You could see a kobold.

Vanquished Creatures
  2 ball pythons (D:1)
  A bat (D:1)
  2 kobolds (D:1)
  A rat (D:1)
6 creatures vanquished.

Notes
Turn   | Place    | Note
-------+----------+-------------------------------------------
     0 | D:1      | jimonade the Deep Elf Arcane Marksman began the quest for
                  | the Orb.
     0 | D:1      | Reached XP level 1. HP: 11/11 MP: 5/5
   593 | D:1      | Slain by a kobold

Illustrated notes

Levels and vault maps discovered:
D:1:      wander_arrival_lonely_grave, layout_loops_ring

Skill      XL: |  1 |
---------------+----+-----
Ranged Weapons | 3 |  3.1
Fighting       | |  0.8
Dodging        | |  2.4
Spellcasting   | |  1.5
Hexes          | |  4.2

Action                   || total
-------------------------++-------
 Fire: Sling             ||    23
 Cast: Slow              ||    11
Armor: Robe              ||     2
Dodge: Dodged            ||     7

Table legend: (Time is in decaauts)
 A = Elapsed time spent in this place.
 B = Non-inter-level travel time spent in this place.
 C = Inter-level travel time spent in this place.
 D = Time resting spent in this place.
 E = Time spent auto-exploring this place.
 F = Levels seen in this place.
 G = Mean time per level.
                   A        B        C        D        E       F      G
               +--------+--------+--------+--------+--------+-----+--------+
         Total |    598 |    598 |      0 |    370 |    128 |   1 |  598.0 |
       Dungeon |    598 |    598 |      0 |    370 |    128 |   1 |  598.0 |
               +--------+--------+--------+--------+--------+-----+--------+

Top non-repeatable levels by time:
     D:1: 598 daAuts
